 Dungeon Crawl Stone Soup version 0.28.0-53-g5a82cb258f (webtiles) character file.

Game seed: 3616635554465314747

4 gobodom the Stinger (level 1, 0/13 HPs)
             Began as a Demonspawn Venom Mage on June 20, 2022.
             Slain by a bat (1 damage)
             ... on level 1 of the Dungeon.
             The game lasted 00:01:16 (159 turns).

gobodom the Stinger (Demonspawn Venom Mage)          Turns: 159, Time: 00:01:18

Health: 0/13       AC:  2    Str:  8    XL:     1   Next: 58%
Magic:  1/3        EV:  9    Int: 16    God:
Gold:   13         SH:  0    Dex: 13    Spells: 3/4 levels left

rFire   . . .      SeeInvis .   (no weapon)
rCold   . . .      Faith    .   (no shield)
rNeg    . . .      Spirit   .   a - +0 robe
rPois   .          Reflect  .   (no helmet)
rElec   .          Harm     .   (no cloak)
rCorr   .          Rampage  .   (no gloves)
Will    .....                   (no boots)
Stlth   ++........              (no amulet)
HPRegen 0.04/turn               (no ring)
MPRegen 0.08/turn               (no ring)

@: constricted
A: no striking features
a: no special abilities


You were on level 1 of the Dungeon.
You visited 1 branch of the dungeon, and saw 1 of its levels.

You collected 13 gold pieces.

Inventory:

Armour
 a - a +0 robe (worn)


   Skills:
 + Level 1.7 Dodging
 + Level 1.7 Stealth
 + Level 2.2 Spellcasting
 + Level 0.8 Transmutations
 + Level 3.1 Poison Magic


You had 3 spell levels left.
You knew the following spells:

 Your Spells              Type           Power      Damage    Failure   Level
a - Sting                 Tmut/Pois      32%        1d4       9%          1

Your spell library contained the following spells:

 Spells                   Type           Power      Damage    Failure   Level
 Poisonous Vapours        Pois/Air       12%        N/A       16%         2
 Mephitic Cloud           Conj/Pois/Air  5%         N/A       36%         3
 Olgreb's Toxic Radiance  Pois           11%        N/A       50%         4


Dungeon Overview and Level Annotations

Branches:
Dungeon (1/15)

Altars:


Message History

The kobold hits you with a +0 dagger.
You hit the kobold but do no damage. The bat hits you but does no damage.
The bat hits you. The kobold hits you but does no damage.
You closely miss the kobold. The bat closely misses you.
The bat hits you but does no damage. x2; The kobold closely misses you.
You hit the kobold but do no damage. The bat hits you but does no damage.
The bat misses you. The kobold hits you with a +0 dagger.
The bat hits you but does no damage. The bat hits you. x2
The bat barely misses you.
You hit the bat but do no damage. The bat hits you.
The bat hits you but does no damage.
Your magical contamination has completely faded away.
The bat closely misses you. The bat barely misses you.
You hit the bat.
The bat is moderately wounded.
The bat hits you but does no damage. The ball python misses you.
The ball python grabs you. The ball python constricts you.
The bat closely misses you.
You closely miss the bat.
The bat is moderately wounded.
The ball python bites you.
* * * LOW HITPOINT WARNING * * *
The ball python constricts you. The bat hits you but does no damage.
The ball python closely misses you. The ball python constricts you.
The bat barely misses you.
You barely miss the bat.
The bat is moderately wounded.
The bat hits you but does no damage. The ball python barely misses you.
The ball python constricts you.
* * * LOW HITPOINT WARNING * * *
You escape the ball python's grasp.
The bat hits you but does no damage. The bat closely misses you.
The bat hits you but does no damage.
You closely miss the bat.
The bat is moderately wounded.
The bat closely misses you. The bat barely misses you.
The ball python closely misses you. The ball python grabs you.
The ball python constricts you.
* * * LOW HITPOINT WARNING * * *
The bat hits you.
You die...

##### ## ...#
#...###.################
..........(............#
#...###.######.#######.#####
#.......KbS@b..# #.##...
#.#...#.#####..#### #.#....
....#.............## #.#....
#.#...#.#####..#...###.#...J
# ##..#.# #......)........
#. #..####..#...#######.. #.
.....)....#.## #.) #
##.####.#.#.# #K. #.#
#.#.#.# #..


You could see 2 bats, a ball python and a kobold.

Vanquished Creatures
  A bat (D:1)
  An endoplasm (D:1)
  2 kobolds (D:1)
4 creatures vanquished.

Notes
Turn   | Place    | Note
-------+----------+-------------------------------------------
     0 | D:1      | gobodom the Demonspawn Venom Mage began the quest for the
                  | Orb.
     0 | D:1      | Reached XP level 1. HP: 13/13 MP: 3/3
   159 | D:1      | Slain by a bat

Illustrated notes

Levels and vault maps discovered:
D:1:      ebering_hopf_link, layout_loops_ring, shapermc_ecumenical_altar_venn

Action                   || total
-------------------------++-------
Melee: Unarmed           ||    12
 Cast: Sting             ||     7
Armor: Robe              ||    16
Dodge: Dodged            ||    26
